 Dungeon Crawl Stone Soup version 0.29-a0-732-g3d7fbe0af2 (webtiles) character file.

Game seed: 5283239198270540718

287 zeratav the Skirmisher (level 6, -4/45 HPs)
             Began as a Spriggan Hunter on June 29, 2022.
             Succumbed to Ijyb's poison
             ... on level 4 of the Dungeon.
             The game lasted 00:03:58 (3818 turns).

zeratav the Skirmisher (Spriggan Hunter)            Turns: 3818, Time: 00:03:58

Health: -4/45      AC: 23    Str:  7    XL:     6   Next: 8%
Magic:  7/7        EV:  4    Int: 16    God:
Gold:   161        SH:  0    Dex: 21    Spells: 5/5 levels left

rFire   + . .      SeeInvis +   (weapon restricted)
rCold   + . .      Faith    .   (no shield)
rNeg    . . .      Spirit   .   (body armour currently unavailable)
rPois   +          Reflect  .   (helmet currently unavailable)
rElec   +          Harm     .   (cloak currently unavailable)
rCorr   +          Rampage  .   (gloves unavailable)
Will    +....      NoTele   +   (boots unavailable)
Stlth   ++........              (no amulet)
HPRegen 0.15/turn               e - +6 ring of intelligence
MPRegen 0.10/turn               k - ring of wizardry

@: lethally poisoned (-4 -> -31), tree-form, resistant
A: stationary, stasis, torment immunity, boosted hp, very small, no large
weapons, unfitting armour, see invisible, (speed 3)
a: no special abilities


You were on level 4 of the Dungeon.
You were a tree.
You visited 1 branch of the dungeon, and saw 4 of its levels.

You collected 161 gold pieces.


Innate Abilities, Weirdness & Mutations

You are a tree.
Your roots penetrate the ground, keeping you stationary.
You cannot be teleported.
You are immune to unholy pain and torment.
Your maximum health is greatly increased.
Your equipment is partially melded.
You are very small and have problems with some larger weapons.
You are too small for most types of armour.
You have supernaturally acute eyesight. (SInv)
((You cover ground extremely quickly. (Speed+++)))


   Skills:
 - Level 1.5 Fighting
 + Level 8.9 Ranged Weapons
 - Level 2.6 Dodging
 - Level 1.5 Stealth


You had 5 spell levels left.
You didn't know any spells.
Your spell library was empty.

Inventory:

Hand Weapons
 a - a +0 shortbow {bow}
Armour
 c - a +0 robe (melded)
Jewellery
 e - a +6 ring of intelligence (left branch)
   (You found it on level 1 of the Dungeon)
 k - a ring of wizardry (right branch)
   (You found it on level 1 of the Dungeon)
Wands
 u - a wand of light (4)
   (You took it off an orc on level 3 of the Dungeon)
Scrolls
 b - a scroll of immolation {!r!r}
 f - 3 scrolls of amnesia {unknown}
 i - 2 scrolls of teleportation {unknown}
 n - a scroll of brand weapon {unknown}
 o - 5 scrolls of identify {unknown}
 r - a scroll of vulnerability {unknown}
 s - a scroll of noise {unknown}
Potions
 d - a potion of lignification {!q}
 g - a potion of might {unknown}
 h - a potion of haste {unknown}
 j - a potion of mutation {unknown}
 l - a potion of resistance
 p - a potion of magic {unknown}
 q - a potion of berserk rage {unknown}
 t - a potion of curing {unknown}

Dungeon Overview and Level Annotations

Branches:
Dungeon (4/15) Zot: 20986
 Temple: D:4-7

Altars:

Shops:
D:1

= ##.......
##........
.........#
...#.......##
...#........##
.?...........#
.........W).# ..
....^....♣#.##.( ...
..........#.........
.............###..#
...#....##........#
...####.# ##......#
.....##.# ##....#
.........###...#..
##+##
...........##..# .
##...##
......##.).....#
##.....##


You could see a phantom.


Message History

You shoot an arrow. The arrow barely misses Ijyb.
Ijyb misses you.
You shoot an arrow. The arrow hits Ijyb.
Ijyb hits you with a +1 dagger of venom.
You are poisoned.
A phantom comes into view.
HP[-4]
You take 4 damage, and now have 26/30 hp.
You shoot an arrow. The arrow hits Ijyb.
You feel very sick.
Ijyb hits you with a +1 dagger of venom.
You are lethally poisoned!
HP[-7]
You take 7 damage, and now have 19/30 hp.
MASSIVE DAMAGE!! (PAUSE) Fire: a) +0 shortbow {bow}
Press: ? - help, Q - select action, (/) - cycle Shift-Dir - straight line, f/p - Ijyb
Aim: Ijyb, wielding a +1 dagger of venom, wearing a +0 ring mail and carrying a wand of iceblast (5) (moderately wounded)
You shoot an arrow. The arrow hits Ijyb!
* * * LOW HITPOINT WARNING * * *
You feel very sick.
Ijyb hits you with a +1 dagger of venom.
* * * LOW HITPOINT WARNING * * *
HP[-9]
You take 9 damage, and now have 10/30 hp.
MASSIVE DAMAGE!! (PAUSE) Fire: a) +0 shortbow {bow}
Press: ? - help, Q - select action, (/) - cycle Shift-Dir - straight line, f/p - Ijyb
Aim: Ijyb, wielding a +1 dagger of venom, wearing a +0 ring mail and carrying a wand of iceblast (5) (severely wounded)
You shoot an arrow. The arrow hits Ijyb but does no damage.
* * * LOW HITPOINT WARNING * * *
You feel very sick. Ijyb misses you.
HP[-4]
You take 4 damage, and now have 6/30 hp.
It was a potion of lignification.
You turn into a tree.
Your +0 robe melds into your body.
Your roots penetrate the ground.
* * * LOW HITPOINT WARNING * * *
You feel very sick.
Ijyb screams, "Die!"
Ijyb hits you with a +1 dagger of venom.
* * * LOW HITPOINT WARNING * * *
HP[-1]
You now have 45 max hp (+15).
It was a potion of resistance.
You feel protected.
* * * LOW HITPOINT WARNING * * *
You feel sick. Ijyb hits you but does no damage.
HP[-2]
You take 2 damage, and now have 3/45 hp.
It was a potion of heal wounds.
You feel much better.
You feel sick. Ijyb hits you but does no damage.
HP[+15]
You regained 15 hp, and now have 18/45 hp.
You are now empty-handed.
You feel sick. Ijyb hits you but does no damage.
You are more poisoned.
The phantom hits you.
* * * LOW HITPOINT WARNING * * *
HP[-1]
You take 1 damage, and now have 17/45 hp.
You hit Ijyb.
You feel sick. Ijyb hits you but does no damage.
You are lethally poisoned!
The phantom hits you but does no damage.
HP[-2]
You take 2 damage, and now have 15/45 hp.
You barely miss Ijyb.
* * * LOW HITPOINT WARNING * * *
You feel very sick.
Ijyb hits you with a +1 dagger of venom.
* * * LOW HITPOINT WARNING * * *
You are more poisoned.
The phantom hits you but does no damage.
HP[-9]
You take 9 damage, and now have 6/45 hp.
You feel much better.
* * * LOW HITPOINT WARNING * * *
You feel extremely sick. Ijyb hits you but does no damage.
The phantom hits you.
* * * LOW HITPOINT WARNING * * *
HP[+9]
You regained 9 hp, and now have 15/45 hp.
You barely miss Ijyb.
* * * LOW HITPOINT WARNING * * *
You feel very sick.
Ijyb hits you with a +1 dagger of venom.
* * * LOW HITPOINT WARNING * * *
The phantom hits you.
* * * LOW HITPOINT WARNING * * *
HP[-9]
You take 9 damage, and now have 6/45 hp.
You hit Ijyb.
* * * LOW HITPOINT WARNING * * *
You feel very sick. Ijyb hits you but does no damage.
You are more poisoned.
The phantom hits you but does no damage.
HP[-4]
You take 4 damage, and now have 2/45 hp.
You smack Ijyb!
You kill Ijyb!
You die...

Skill      XL: |  1  2  3  4  5 |
---------------+----------------+-----
Ranged Weapons | 5 6 7 8 |  8.9
Fighting       | |  1.5
Dodging        | |  2.6
Stealth        | |  1.5

Action                   |  1- 3 |  4- 6 || total
-------------------------+-------+-------++-------
Melee: Unarmed           |       |     5 ||     5
 Fire: Shortbow          |   103 |   127 ||   230
  Use: Potion            |       |     4 ||     4
Armor: Robe              |     5 |     2 ||     7
       Skin              |       |     9 ||     9
Dodge: Dodged            |    15 |    38 ||    53

Levels and vault maps discovered:
D:1:      dpeg_chamrin_arrival_tetris, layout_rooms, serial_shops, shop_statue,
          basic_ecumenical_altar, minmay_misc_feat_five, minmay_rat_gold_closets
D:2:      layout_basic, minmay_misc_feat_enclosed, chequers_serial_rivers_marsh
D:3:      minmay_chambers_of_twos, layout_rooms, chequers_serial_rivers_large_a,
          kennysheep_generic_room_13
D:4:      layout_cave_pools, minmay_temple_entry_from_below_a,
          dk_noncrumbling_3, uniq_ijyb, uniq_sigmund

Notes
Turn   | Place    | Note
-------+----------+-------------------------------------------
     0 | D:1      | zeratav the Spriggan Hunter began the quest for the Orb.
     0 | D:1      | Reached XP level 1. HP: 10/10 MP: 2/2
     0 | D:1      | magus.rc [v1.9.6]
    57 | D:1      | Reached skill level 5 in Ranged Weapons
   155 | D:1      | Reached XP level 2. HP: 14/14 MP: 3/3
   531 | D:1      | Found a faded altar of an unknown god.
   601 | D:1      | Found Pyngiops's Jewellery Emporium.
   750 | D:2      | Reached skill level 6 in Ranged Weapons
   756 | D:2      | Reached XP level 3. HP: 7/18 MP: 4/4
  1509 | D:2      | Reached XP level 4. HP: 9/22 MP: 5/5
  1511 | D:2      | Reached skill level 7 in Ranged Weapons
  2351 | D:3      | Reached XP level 5. HP: 25/25 MP: 6/6
  2372 | D:3      | HP: 4/25 [orc/bolt of light (21)]
  2724 | D:3      | Reached skill level 8 in Ranged Weapons
  3511 | D:4      | Reached XP level 6. HP: 15/30 MP: 7/7
  3791 | D:4      | Noticed Ijyb
  3808 | D:4      | HP: 6/30 [poisoned by Ijyb]
  3814 | D:4      | HP: 10/45 [poisoned by Ijyb]
  3817 | D:4      | HP: 2/45 [poisoned by Ijyb]
  3818 | D:4      | Killed Ijyb
  3818 | D:4      | Succumbed to Ijyb's poison

Vanquished Creatures
  A jelly (D:3)
  An orc priest (D:3)
  A hound (D:4)
  Ijyb (D:4)
  3 gnolls (D:2)
  8 adders
  2 worms (D:3)
  9 orcs (D:3)
  5 ball pythons
  7 endoplasms
  A giant cockroach (D:2)
  8 goblins
  5 hobgoblins
  4 jackals (D:4)
  8 kobolds
  2 quokkas
  7 bats
  3 frilled lizards
  15 rats
91 creatures vanquished.

Table legend:
 A = Non-vault XP
 B = Vault XP
 C = Vault XP percentage of total XP
 D = Non-vault monster count
 E = Vault monster count
 F = Vault count percentage of total count
                 A         B        C        D         E       F
            +---------+---------+-------+---------+---------+-------
      Total |     372 |      76 |  17.0 |      71 |      20 |  22.0
            +---------+---------+-------+---------+---------+-------
        D:1 |      26 |      10 |  27.8 |      16 |      10 |  38.5
        D:2 |     109 |       0 |   0.0 |      22 |       0 |   0.0
        D:3 |     161 |      28 |  14.8 |      25 |       9 |  26.5
        D:4 |      76 |      38 |  33.3 |       8 |       1 |  11.1
            +---------+---------+-------+---------+---------+-------

Illustrated notes

Table legend:
 A = Kills in this place as a percentage of kills in entire the game.
 B = Kills by you in this place as a percentage of kills by you in the entire game.
 C = Kills by friends in this place as a percentage of kills by friends in the entire game.
 D = Other kills in this place as a percentage of other kills in the entire game.
 E = Experience gained in this place as a percentage of experience gained in the entire game.
 F = Experience gained in this place divided by the number of levels of this place that you have seen.
                   A       B       C       D       E      F
               +-------+-------+-------+-------+-------+----------------------
         Total | 100.0 | 100.0 |   N/A |   N/A | 100.0 | 112.0
       Dungeon | 100.0 | 100.0 |   N/A |   N/A | 100.0 | 112.0
               +-------+-------+-------+-------+-------+----------------------

Table legend: (Time is in decaauts)
 A = Elapsed time spent in this place.
 B = Non-inter-level travel time spent in this place.
 C = Inter-level travel time spent in this place.
 D = Time resting spent in this place.
 E = Time spent auto-exploring this place.
 F = Levels seen in this place.
 G = Mean time per level.
                   A        B        C        D        E       F      G
               +--------+--------+--------+--------+--------+-----+--------+
         Total |   3013 |   2948 |     65 |    456 |   2099 |   4 |  753.2 |
       Dungeon |   3013 |   2948 |     65 |    456 |   2099 |   4 |  753.2 |
               +--------+--------+--------+--------+--------+-----+--------+

Top non-repeatable levels by time:
     D:2: 1300 daAuts
     D:3: 919 daAuts
     D:1: 473 daAuts
     D:4: 320 daAuts
